 Dungeon Crawl Stone Soup version 0.27.1-34-g3ba077fa99 (webtiles) character file.

Game seed: 14816151887110966045

154 boopmooplesden the Twirler (level 5, -2/32 HPs)
             Began as a Gargoyle Gladiator on Jan 5, 2022.
             Slain by a gnoll sergeant (11 damage)
             ... on level 4 of the Dungeon.
             The game lasted 00:03:08 (2533 turns).

boopmooplesden the Twirler (Gargoyle Gladiator)     Turns: 2533, Time: 00:03:09

Health: -2/32      AC: 10    Str: 18    XL:     5   Next: 36%
Magic:  5/5        EV: 12    Int:  9    God:
Gold:   107        SH:  0    Dex: 11    Spells: 4/4 levels left

rFire    . . .     SeeInvis .   a - +0 quarterstaff
rCold    . . .     Faith    .   (shield currently unavailable)
rNeg     + . .     Spirit   .   b - +0 leather armour
rPois    ∞         Reflect  .   c - +0 helmet
rElec    +         Harm     .   o - +1 cloak {rPois}
rCorr    .         Rampage  .   (no gloves)
Will     .....                  (no boots)
Stlth    +.........             (no amulet)
HPRegen  0.10/turn              (no ring)
MPRegen  0.09/turn              (no ring)

@: no status effects
A: sickness immunity, AC +4, negative energy resistance 1, electricity
resistance, torment resistance 1, petrification resistance
a: no special abilities


You were on level 4 of the Dungeon.
You visited 1 branch of the dungeon, and saw 4 of its levels.

You collected 107 gold pieces.

Inventory:

Hand Weapons
 a - a +0 quarterstaff (weapon)
 n - a +2 quarterstaff of chaos
Missiles
 d - 3 throwing nets (quivered)
Armour
 b - a +0 leather armour (worn)
 c - a +0 helmet (worn)
 o - a +1 cloak of poison resistance (worn)
Jewellery
 j - a ring of protection from cold
 p - a ring of fire
 r - a ring of protection from fire
Wands
 l - a wand of flame (16)
Scrolls
 f - a scroll of teleportation
Potions
 e - a potion of curing
 g - a potion of attraction
 h - a potion of heal wounds {unknown}
 k - 2 potions of magic
 m - a potion of ambrosia {unknown}
 q - a potion of invisibility {unknown}


   Skills:
 + Level 3.1 Fighting
 + Level 4.5 Staves
 + Level 2.0 Throwing
 + Level 1.3 Armour
 + Level 3.1 Dodging
 + Level 0.1 Stealth


You had 4 spell levels left.
You didn't know any spells.
Your spell library contained the following spells:

 Spells                   Type           Power      Damage    Failure   Level
 Animate Skeleton         Necr           0%         N/A       43%         1
 Apportation              Tloc           0%         N/A       43%         1
 Corona                   Hex            0%         N/A       43%         1
 Magic Dart               Conj           0%         1d3       43%         1
 Summon Small Mammal      Summ           0%         N/A       43%         1
 Searing Ray              Conj           0%         3d3       58%         2
 Fulminant Prism          Conj/Hex       0%         3d6       99%         4


Dungeon Overview and Level Annotations

Branches:
Dungeon (4/15)
 Temple: D:4-7

Altars:

Annotations:
D:3 3 runed translucent doors, Selrock's ghost, amateur DsMo


Innate Abilities, Weirdness & Mutations

You are immune to sickness and miasma.
Your stone body is resilient. (AC +4)
You are immune to poison.
You resist negative energy. (rN+)
You are resistant to electric shocks. (rElec)
You are resistant to unholy torment.
You are immune to petrification.


Message History

The gnoll is heavily wounded.
The gnoll barely misses you.
You closely miss the gnoll.
The gnoll is heavily wounded.
The gnoll misses you.
You sock the gnoll!
You kill the gnoll!
There is a stone staircase leading down, spattered with blood here.
You see here a +0 club.
There is a stone staircase leading down, spattered with blood here.
You see here a +0 club.
You climb downwards.
The gnoll sergeant hits you from afar with a +0 trident.
The gnoll sergeant barely misses you.
There is a stone staircase leading up here.
Found a murky white potion.
Found a stone staircase leading up.
The gnoll sergeant misses you.
You thump the gnoll sergeant!
The gnoll sergeant is moderately wounded.
The worm closely misses you.
The gnoll sergeant hits you but does no damage.
The gnoll sergeant blocks your attack.
The gnoll sergeant is moderately wounded.
The gnoll sergeant hits you but does no damage.
You hit the gnoll sergeant.
The gnoll sergeant is heavily wounded.
The worm misses you.
The gnoll sergeant hits you with a +0 trident.
You hit the gnoll sergeant but do no damage.
The gnoll sergeant is heavily wounded.
The gnoll sergeant hits you with a +0 trident!
The worm closely misses you. The gnoll sergeant blocks your attack.
The gnoll sergeant is heavily wounded.
The gnoll sergeant hits you with a +0 trident!
* * * LOW HITPOINT WARNING * * *
You hit the gnoll sergeant but do no damage.
The gnoll sergeant is heavily wounded.
The gnoll sergeant hits you with a +0 trident!
You die...

..#...#
.......###
.........#
##.......##
#......... ##
....#....####...
#.....#...... .
#.g@........
....#..w<.#!...
.........^# .
#<..###.#.# ##.
..#... ..
....##... <
#..## .... ...
... .... #..


You could see a gnoll sergeant and a worm.

Vanquished Creatures
  A centaur zombie (D:3)
  Crazy Yiuf (D:2)
  An adder (D:3)
  3 gnolls (D:3)
  4 worms
  2 dart slugs
  6 ball pythons
  2 bats (D:1)
  3 endoplasms (D:2)
  A giant cockroach (D:3)
  6 goblins
  4 hobgoblins
  3 quokkas
  2 kobolds
  6 rats
45 creatures vanquished.

Notes
Turn   | Place    | Note
-------+----------+-------------------------------------------
     0 | D:1      | boopmooplesden the Gargoyle Gladiator began the quest for
                  | the Orb.
     0 | D:1      | Reached XP level 1. HP: 12/12 MP: 1/1
    87 | D:1      | Found a faded altar of an unknown god.
   169 | D:1      | Reached XP level 2. HP: 17/17 MP: 2/2
   796 | D:2      | Reached XP level 3. HP: 22/22 MP: 3/3
  1343 | D:2      | Found a runed translucent door.
  1344 | D:2      | Noticed Crazy Yiuf
  1352 | D:2      | Killed Crazy Yiuf
  1353 | D:2      | Reached XP level 4. HP: 12/27 MP: 4/4
  1617 | D:2      | Reached skill level 4 in Staves
  1701 | D:3      | Reached skill level 1 in Armour
  1907 | D:3      | Reached XP level 5. HP: 32/32 MP: 5/5
  2103 | D:3      | Found a runed translucent gate.
  2103 | D:3      | Found a runed translucent gate.
  2103 | D:3      | Found a runed translucent gate.
  2104 | D:3      | Noticed Selrock's ghost (amateur DsMo)
  2533 | D:4      | Slain by a gnoll sergeant

Illustrated notes

Levels and vault maps discovered:
D:1:      onia_arrival_pentagram, layout_loops_ring,
          hellmonk_ecumenical_altar_run_dry, corexii_corridor_pit,
          lemuel_old_faithful
D:2:      layout_loops_ring, uniq_crazy_yiuf_cottage
D:3:      minmay_spotlight, layout_basic, gammafunk_ghost_necromancy,
          patterned_corridor
D:4:      minmay_clustersquares, layout_cave_pools, solitary_fountain,
          uniq_sigmund

Skill      XL: |  1  2  3  4 |
---------------+-------------+-----
Staves         | 4 |  4.5
Fighting       | 3 |  3.1
Throwing       | 2 |  2.0
Armour         | 1 |  1.3
Dodging        | 3 |  3.1
Stealth        | |  0.1

Action                   |  1- 3 |  4- 6 || total
-------------------------+-------+-------++-------
Melee: Quarterstaff      |    73 |    66 ||   139
Throw: Throwing net      |     2 |       ||     2
  Use: Scroll            |     3 |     4 ||     7
Armor: Leather armour    |    30 |    47 ||    77
Dodge: Dodged            |    56 |    52 ||   108
